 Dungeon Crawl Stone Soup version 0.31-a0-1082-g7d1fb776a8 (webtiles) character file.

Game seed: 10009944177474345320

994 Descartes the Nimble (level 7, -12/28 HPs)
             Began as a Felid Shapeshifter on Nov 27, 2023.
             Killed by divine providence
             ... invoked by an orc priest
              (14 damage)
             ... on level 5 of the Dungeon.
             The game lasted 00:06:06 (3794 turns).

Descartes the Nimble (Felid Shapeshifter)           Turns: 3794, Time: 00:06:06

Health: -12/28     AC:  2    Str: 12    XL:     7   Next: 99%
Magic:  8/8        EV: 22    Int: 12    God:
Gold:   260        SH:  0    Dex: 15    Spells: 6/6 levels left
                                        Lives:  0   Deaths: 3

rFire   . .          .
                       - Unarmed
rCold   . . .        (shield unavailable)
rNeg    . . .        (body armour unavailable)
rPois   .            (helmet unavailable)
rElec   .            (cloak unavailable)
rCorr   .            (gloves unavailable)
SInv    +            (boots unavailable)
Will    +....        (no amulet)
Stlth   +            (no ring)
HPRegen 0.24/turn    (no ring)
MPRegen 0.11/turn

%: no passive effects
@: beast-form, quick
A: beast (slay +2), very small, claws 1, fangs 3, see invisible, speed 1, shaggy
fur 2, stealthy paws, no weapons or thrown items, no armour, multi-lived
a: Begin Untransformation


You were on level 5 of the Dungeon.
You were a hulking beast.
You visited 1 branch of the dungeon, and saw 5 of its levels.

You collected 260 gold pieces.

Inventory:

Jewellery
 e - a ring of magical power
 o - a ring of ice
Talismans
 b - a beast talisman
 c - a flux talisman
 p - a maw talisman
Scrolls
 d - 2 scrolls of blinking {unknown}
 f - 3 scrolls of amnesia {unknown}
 h - a scroll of fog {unknown}
 i - 4 scrolls of poison {unknown}
 j - a scroll of teleportation {unknown}
 k - a scroll of vulnerability {unknown}
 l - a scroll of fear {unknown}
 m - a scroll of noise {unknown}
 n - a scroll of revelation {unknown}
 q - a scroll of enchant weapon {unknown}
 s - a scroll of identify {unknown}
Potions
 g - a potion of resistance
 r - a potion of haste


   Skills:
 - Level 1.0 Fighting
 - Level 10.0 Dodging
 + Level 4.9 Unarmed Combat
 + Level 5.1 Shapeshifting


You had 6 spell levels left.
You didn't know any spells.
Your spell library contained the following spells:

 Spells                   Type           Power      Damage    Failure   Level
 Dazzling Flash           Conj/Hex       0%         N/A       69%         3
 Volatile Blastmotes      Fire/Tloc      0%         2d10      69%         3
 Starburst                Conj/Fire      0%         6d3       100%        6
 Maxwell's Capacitive Co  Air            0%         ∞         100%        8


Dungeon Overview and Level Annotations

Branches:
Dungeon (5/15)
 Temple: D:4-7

Altars:

Shops:
D:5 *


Innate Abilities, Weirdness & Mutations

You are a hulking beast.
Your limbs bulge with bestial killing power. (Slay +2)
You have sharp claws.
You have razor-sharp teeth.
You have supernaturally acute eyesight. (SInv)
You cover ground quickly. (Speed+)
You are covered in thick fur. (AC +2)
Your paws help you pounce on unaware monsters.
You are incapable of wielding weapons or throwing items.
You cannot wear armour.
You gain extra lives every three experience levels.


Message History

The orc priest shouts!
You claw the orc priest!
The orc priest is severely wounded.
The orc priest calls upon Beogh to heal the orc priest.
The orc priest is healed somewhat.
The orc priest looks braver for a moment.
The orc completely misses you. The orc attacks as it pursues you!
The orc barely misses you. The orc completely misses you.
The orc priest attacks as it pursues you!
The orc priest closely misses you.
The orc priest calls down the wrath of Beogh upon you.
Beogh smites you!
There is a stone staircase leading down here.
The orc priest casts a cantrip, but nothing happens.
An orc priest is nearby!
You claw the orc priest!
The orc priest is almost dead.
The orc priest completely misses you.
You claw the orc priest!
You kill the orc priest!
You scratch the orc.
The orc is moderately wounded.
The orc hits you with a +0 short sword.
You closely miss the orc.
The orc is lightly wounded.
The orc barely misses you. The orc completely misses you.
The orc priest mumbles some strange prayers to Beogh against you.
Beogh smites you!
* * * LOW HITPOINT WARNING * * *
You are too injured to fight recklessly!
The orc attacks as it pursues you! The orc hits you with a +0 whip.
* * * LOW HITPOINT WARNING * * *
Unknown command.
The orc attacks as it pursues you! The orc completely misses you.
The orc attacks as it pursues you! The orc completely misses you.
The orc priest mumbles some strange prayers to Beogh against you.
Beogh smites you!
Ouch! That really hurt!
You die...

........######...#
.....#.....##...#
....#####......# ...##
####..## ..## #..# .## ##.##
. ..## ####..# ..# ...##
##.##..### ..# #...##
##.......h#####..### ##...#
#.......#....†)....# #
#...###.......##oo..........
##...#........##o......##...
##............##).....#....
##...........###..........
##...........##o.........
#............###.........
#...........## #..........


You could see an orc priest and 3 orcs.

Vanquished Creatures
  Sigmund (D:2)
  A black bear (D:4)
  2 ice beasts (D:5)
  2 ogres
  A centaur (D:5)
  4 orc priests
  A sleepcap (D:5)
  An orc wizard (D:5)
  3 gnolls (D:4)
  5 adders
  3 dart slugs
  8 orcs
  3 ball pythons
  9 endoplasms
  7 giant cockroaches
  2 goblins
  4 hobgoblins
  A quokka (D:1)
  9 bats
  7 frilled lizards
  7 kobolds
  2 rats
  A spectral hobgoblin (D:1)
84 creatures vanquished.

Notes
Turn   | Place    | Note
-------+----------+-------------------------------------------
     0 | D:1      | Descartes the Felid Shapeshifter began the quest for the
                  | Orb.
     0 | D:1      | Reached XP level 1. HP: 9/9 MP: 2/2
    61 | D:1      | Reached skill level 3 in Dodging
   151 | D:1      | Found a faded altar of an unknown god.
   272 | D:1      | Reached XP level 2. HP: 10/12 MP: 3/3
   616 | D:1      | Reached skill level 4 in Dodging
   769 | D:2      | Noticed an ogre
   773 | D:2      | Mangled by an ogre
   814 | D:2      | Identified the +3 barding "Ixoenop" {rF+ rC+}
   861 | D:2      | Reached skill level 5 in Dodging
   861 | D:2      | Reached XP level 3. HP: 4/15 MP: 4/4
  1095 | D:2      | Killed an ogre
  1096 | D:2      | Reached skill level 6 in Dodging
  1096 | D:2      | Reached XP level 4. HP: 5/19 MP: 5/5
  1420 | D:2      | Reached skill level 7 in Dodging
  1420 | D:2      | Reached XP level 5. HP: 17/22 MP: 6/6
  1605 | D:3      | Killed from afar by an orc priest
  1632 | D:3      | Noticed Sigmund
  1923 | D:2      | Killed Sigmund
  1924 | D:2      | Reached skill level 8 in Dodging
  1924 | D:2      | Gained mutation: You are covered in thick fur. (AC +2)
                  | [Felid growth]
  1924 | D:2      | Reached XP level 6. HP: 17/25 MP: 7/7
  2978 | D:4      | Reached XP level 7. HP: 13/28 MP: 8/8
  3320 | D:5      | Entered Level 5 of the Dungeon
  3337 | D:5      | Found Mebota's General Store.
  3370 | D:5      | Reached skill level 9 in Dodging
  3628 | D:5      | Slain by an ice beast
  3658 | D:5      | Reached skill level 10 in Dodging
  3658 | D:5      | Reached skill level 5 in Shapeshifting
  3794 | D:5      | Killed from afar by an orc priest

Illustrated notes

Levels and vault maps discovered:
D:1:      doesnt_arrival_eight_statues, layout_basic,
          dreamdust_ecumenical_altar_drowned_temple, grunt_decor_one_mirror
D:2:      layout_loops_ring, minivault_19
D:3:      layout_basic, minmay_misc_feat_room, kennysheep_donut, uniq_sigmund
D:4:      layout_rooms, kennysheep_generic_room_11
D:5:      layout_cave_pods, nicolae_ashenzari_skybound, serial_shops,
          nicolae_shop_tiny_real_fake_doors, kennysheep_generic_room_8

Skill      XL: |  1  2  3  4  5  6  7 |
---------------+----------------------+-----
Dodging        | 3 5 6 7 8 10 | 10.0
Shapeshifting  | 4 5 |  5.1
Unarmed Combat | 4 |  4.9
Fighting       | |  1.0

Action                     |  1- 3 |  4- 6 |  7- 9 || total
---------------------------+-------+-------+-------++-------
  Melee: Unarmed           |    81 |   113 |    59 ||   253
         Bite              |     7 |    15 |     8 ||    30
         Punch             |       |     2 |       ||     2
    Use: Potion            |       |       |     3 ||     3
   Stab: Sleeping          |     4 |     2 |       ||     6
 Armour: Skin              |    25 |    30 |    48 ||   103
  Dodge: Dodged            |    56 |   103 |    85 ||   244

Table legend: (Time is in decaauts)
 A = Elapsed time spent in this place.
 B = Non-inter-level travel time spent in this place.
 C = Inter-level travel time spent in this place.
 D = Time resting spent in this place.
 E = Time spent auto-exploring this place.
 F = Levels seen in this place.
 G = Mean time per level.
                   A        B        C        D        E       F      G
               +--------+--------+--------+--------+--------+-----+--------+
         Total |   3281 |   3225 |     56 |      0 |   2486 |   5 |  656.2 |
       Dungeon |   3281 |   3225 |     56 |      0 |   2486 |   5 |  656.2 |
               +--------+--------+--------+--------+--------+-----+--------+

Top non-repeatable levels by time:
     D:2: 819 daAuts
     D:3: 761 daAuts
     D:1: 697 daAuts
     D:4: 642 daAuts
     D:5: 360 daAuts
